 Dungeon Crawl Stone Soup version 0.29-a0-393-g47a863cc1b (webtiles) character file.

Game seed: 1681105718131951233

335 thiscave3701365 the Chopper (level 6, -16/84 HPs)
             Began as a Minotaur Berserker on May 10, 2022.
             Was a Believer of Trog.
             Demolished by an ogre
             ... wielding a +0 giant club
              (22 damage)
             ... on level 4 of the Dungeon.
             The game lasted 00:01:37 (3438 turns).

thiscave3701365 the Chopper (Minotaur Berserker)    Turns: 3438, Time: 00:01:38

Health: -16/84     AC: 11    Str: 24    XL:     6   Next: 28%
Magic:  5/5        EV:  9    Int:  4    God:    Trog [**....]
Gold:   132        SH:  0    Dex:  9    Spells: 5/5 levels left

rFire   . . .      SeeInvis .   a - +0 hand axe
rCold   . . .      Faith    .   (no shield)
rNeg    . . .      Spirit   .   d - +0 chain mail
rPois   .          Reflect  .   (helmet restricted)
rElec   .          Harm     .   o - +1 cloak
rCorr   .          Rampage  .   (no gloves)
Will    .....                   (no boots)
Stlth   ..........              (no amulet)
HPRegen 0.24/turn               (no ring)
MPRegen 0.09/turn               (no ring)

@: berserking, very quick
A: horns 2, retaliatory headbutt
a: Renounce Religion, Berserk, Trog's Hand


You were on level 4 of the Dungeon.
You worshipped Trog.
Trog was pleased with you.
You visited 1 branch of the dungeon, and saw 4 of its levels.

You collected 132 gold pieces.

Inventory:

Hand Weapons
 a - a +0 hand axe (weapon)
Missiles
 s - 2 throwing nets
Armour
 d - a +0 chain mail (worn)
 o - a +1 cloak (worn)
Jewellery
 b - an amulet of guardian spirit
 n - a ring of poison resistance
Wands
 p - a wand of iceblast (8)
 q - a wand of paralysis (11)
 t - a wand of acid (9)
 v - a wand of flame (12)
Scrolls
 e - 4 scrolls of identify {unknown}
 i - 2 scrolls of enchant armour {unknown}
 l - 2 scrolls of magic mapping {unknown}
 m - a scroll of fear {unknown}
 r - a scroll of torment {unknown}
 u - a scroll of poison {unknown}
Potions
 c - a potion of experience {unknown}
 f - 2 potions of cancellation {unknown}
 g - 2 potions of heal wounds {unknown}
 h - a potion of degeneration {unknown}
 j - 2 potions of resistance {unknown}
 k - a potion of berserk rage {unknown}


   Skills:
 + Level 5.3 Fighting
 + Level 5.3 Axes
 + Level 4.5 Armour
 + Level 4.0 Dodging


You had 5 spell levels left.
You didn't know any spells.
Your spell library was empty.

Dungeon Overview and Level Annotations

Branches:
Dungeon (4/15)
 Temple: D:4-7

Altars:
Sif Muna


Innate Abilities, Weirdness & Mutations

You have a pair of horns on your head.
You reflexively headbutt those who attack you in melee.


Message History

You start waiting.
A kobold comes into view. It is wielding a +0 short sword.
A kobold is nearby!
You barely miss the kobold.
The kobold hits you with a +0 short sword.
A kobold is nearby!
You hit the kobold.
You kill the kobold!
Trog accepts your kill.
HP restored.
You see here 30 stones.
Things that are here:
a +0 club; a +0 leather armour An ogre comes into view.
It is wielding a +0 giant club.
The ogre shouts!
Unknown command.
An ogre is nearby!
You fail to use your ability.
Unknown command.
You slash the ogre! Your headbutt misses the ogre.
The ogre is moderately wounded.
The ogre hits you with a +0 giant club!
You closely miss the ogre.
The ogre is moderately wounded.
Unknown command.
You hit the ogre.
The ogre is moderately wounded.
The ogre hits you with a +0 giant club!
Unknown command.
You slash the ogre!
The ogre is severely wounded.
The ogre hits you with a +0 giant club!!
Ouch! That really hurt!
* * * LOW HITPOINT WARNING * * *
You are too injured to fight recklessly!
You are too injured to fight recklessly!
A red film seems to cover your vision as you go berserk!
You feel yourself moving faster!
You feel mighty!
The ogre hits you with a +0 giant club!!
You die...

######## #......#
#......# #######......#
#### #............#
##... #............#
##..## ....?........#
#..### #.....O@.....#
###.####
#....?.......####.....[.
#............#..........
#......##......##.......
....... #.###)###.......
.......##[###.###.......
.###.#......)...........
#. ....##.####.(#.......
... # #.# #.....#.....


You could see an ogre.

Vanquished Creatures
  A scorpion (D:4)
  A gnoll shaman (D:4)
  An orc priest (D:3)
  Ijyb (D:4)
  An iguana (D:4)
  An orc wizard (D:4)
  An adder (D:4)
  7 gnolls
  A worm (D:2)
  A dart slug (D:2)
  6 orcs
  7 ball pythons
  3 bats
  4 endoplasms
  2 giant cockroaches
  3 goblins
  6 hobgoblins
  2 jackals (D:3)
  4 quokkas
  A frilled lizard (D:3)
  6 kobolds
  5 rats
65 creatures vanquished.

Notes
Turn   | Place    | Note
-------+----------+-------------------------------------------
     0 | D:1      | thiscave3701365 the Minotaur Berserker began the quest for
                  | the Orb.
     0 | D:1      | Reached XP level 1. HP: 19/19 MP: 0/0
   211 | D:1      | Reached XP level 2. HP: 27/27 MP: 1/1
   998 | D:2      | Reached XP level 3. HP: 33/33 MP: 2/2
   998 | D:2      | Found a faded altar of an unknown god.
  1330 | D:2      | Reached ** piety under Trog
  1331 | D:2      | Reached XP level 4. HP: 40/40 MP: 3/3
  1429 | D:2      | Found a shimmering blue altar of Sif Muna.
  2805 | D:4      | Reached XP level 5. HP: 47/47 MP: 4/4
  2983 | D:4      | Reached skill level 5 in Fighting
  2983 | D:4      | Reached skill level 5 in Axes
  3098 | D:4      | Reached XP level 6. HP: 56/56 MP: 5/5
  3280 | D:4      | Noticed Ijyb
  3286 | D:4      | Killed Ijyb
  3438 | D:4      | Demolished by an ogre

Illustrated notes

Levels and vault maps discovered:
D:1:      zelgadis_glass_arrival_small, layout_loops_ring,
          chequers_serial_rivers_marsh
D:2:      layout_rooms, basic_altar, chequers_ecumenical_altar_simple
D:3:      layout_loops_ring
D:4:      layout_rooms, uniq_ijyb

Skill      XL: |  1  2  3  4  5 |
---------------+----------------+-----
Axes           | 4 5 |  5.3
Armour         | 3 4 |  4.5
Fighting       | 4 5 |  5.3
Dodging        | 3 4 |  4.0

Action                   |  1- 3 |  4- 6 || total
-------------------------+-------+-------++-------
Melee: Hand axe          |    51 |    71 ||   122
       Headbutt          |     7 |    10 ||    17
       Punch             |     1 |       ||     1
Invok: Berserk           |     1 |     6 ||     7
Armor: Animal skin       |    10 |     1 ||    11
       Chain mail        |       |    19 ||    19
Dodge: Dodged            |    38 |    40 ||    78

Table legend: (Time is in decaauts)
 A = Elapsed time spent in this place.
 B = Non-inter-level travel time spent in this place.
 C = Inter-level travel time spent in this place.
 D = Time resting spent in this place.
 E = Time spent auto-exploring this place.
 F = Levels seen in this place.
 G = Mean time per level.
                   A        B        C        D        E       F      G
               +--------+--------+--------+--------+--------+-----+--------+
         Total |   3510 |   3417 |     93 |   1207 |   1860 |   4 |  877.5 |
       Dungeon |   3510 |   3417 |     93 |   1207 |   1860 |   4 |  877.5 |
               +--------+--------+--------+--------+--------+-----+--------+

Top non-repeatable levels by time:
     D:3: 1051 daAuts
     D:1: 971 daAuts
     D:2: 800 daAuts
     D:4: 686 daAuts
